 Dungeon Crawl Stone Soup version 0.30.0-10-gfe55d96785 (webtiles) character file.

Game seed: 1072323254828898601

3021 dolemite99 the Grappler (level 9, -3/85 HPs)
             Began as a Troll Monk on May 16, 2023.
             Was an Elder of Okawaru.
             Slain by an ogre
             ... wielding a +0 giant club
              (35 damage)
             ... on level 6 of the Dungeon.
             The game lasted 00:06:26 (4934 turns).

dolemite99 the Grappler (Troll Monk)                Turns: 4934, Time: 00:06:27

Health: -3/85      AC:  6    Str: 23    XL:     9   Next: 55%
Magic:  20/20      EV: 13    Int:  6    God:    Okawaru [****..]
Gold:   298        SH:  5    Dex: 14    Spells: 8/8 levels left

rFire   + .          .
                       - Unarmed
rCold   + . .        c - orb {light}
rNeg    . . .        q - +2 robe {rC+ rF+}
rPois   .            (helmet restricted)
rElec   .            (no cloak)
rCorr   .            (gloves unavailable)
SInv    .            (boots unavailable)
Will    .....        e - amulet of reflection
Stlth   +            d - ring of magical power
HPRegen 1.14/turn    (no ring)
MPRegen 0.17/turn

%: reflection
@: heroic, glowing
A: large, unfitting armour, claws 3, regeneration 1, shaggy fur 1, tough skin 1
a: Renounce Religion, Heroism, Finesse


You were on level 6 of the Dungeon.
You worshipped Okawaru.
Okawaru was greatly pleased with you.
You visited 1 branch of the dungeon, and saw 8 of its levels.

You collected 298 gold pieces.

Inventory:

Missiles
 u - 4 poisoned darts (quivered)
 v - 2 large rocks
 w - a javelin
 y - 2 boomerangs
Armour
 c - an orb of light (worn)
 q - a +2 robe of resistance (worn)
Magical Staves
 g - a staff of cold
Jewellery
 d - a ring of magical power (left claw)
 e - an amulet of reflection (around neck)
 m - an amulet of magic regeneration
Wands
 k - a wand of roots (6)
Scrolls
 f - a scroll of acquirement {unknown}
 h - a scroll of identify {@r1}
 n - a scroll of teleportation
 r - a scroll of blinking
Potions
 a - a potion of attraction {unknown}
 b - a potion of ambrosia
 i - 4 potions of heal wounds
 j - a potion of flight {unknown}
 l - 4 potions of curing {unknown}
 o - 2 potions of invisibility {unknown}
 p - 2 potions of magic {unknown}
 s - a potion of cancellation {unknown}
 t - a potion of brilliance {unknown}
 x - a potion of lignification {unknown}


   Skills:
 - Level 4.4(9.4) Fighting
 + Level 6.9(11.9) Throwing
 - Level 2.4(7.4) Dodging
 - Level 8.5(13.5) Unarmed Combat
 - Level 5.3 Invocations


You had 8 spell levels left.
You didn't know any spells.
Your spell library contained the following spells:

 Spells                   Type           Power      Damage    Failure   Level
 Apportation              Tloc           0%         N/A       45%         1
 Necrotise                Necr           0%         1d4       45%         1
 Poisonous Vapours        Pois/Air       0%         N/A       58%         2
 Mephitic Cloud           Conj/Pois/Air  0%         N/A       83%         3
 Manifold Assault         Tloc           0%         N/A       99%         4
 Freezing Cloud           Conj/Ice/Air   0%         6-21      100%        5
 Dispersal                Tloc           0%         N/A       100%        6
 Disjunction              Tloc           0%         N/A       100%        8
 Summon Small Mammal      Summ           Unusable   N/A       N/A         1

Dungeon Overview and Level Annotations

Branches:
Dungeon (8/15)             Temple (0/1) D:5
   Lair: D:8-11

Altars:
Makhleb
Okawaru
Sif Muna
Wu Jian
Xom

Annotations:
D:4 Robin
D:6 1 transporter


Innate Abilities, Weirdness & Mutations

You are too large for most types of armour.
You have claws for hands.
Your natural rate of healing is unusually fast.
You are covered in fur. (AC +1)
You have tough skin. (AC +1)


Message History

You claw the ogre!
You kill the ogre!
Okawaru accepts your kill. You block pigah's ghost's attack.
Things that are here:
the +0 dire flail "Nitreru" {freeze, rN+ Str+4 SInv}; an ogre corpse You scratch pigah's ghost.
Pigah's ghost is lightly damaged.
Pigah's ghost hits you but does no damage.
You completely miss pigah's ghost.
Pigah's ghost is lightly damaged.
The ogre hits you with a +0 giant club. Pigah's ghost barely misses you.
You scratch pigah's ghost but do no damage.
Pigah's ghost is lightly damaged.
You closely miss pigah's ghost.
Pigah's ghost is lightly damaged.
Pigah's ghost hits you. The ogre closely misses you.
You mangle pigah's ghost!!
Pigah's ghost is heavily damaged.
Pigah's ghost laughs crazily.
Pigah's ghost hits you.
You claw pigah's ghost!
Pigah's ghost is severely damaged.
The ogre hits you with a +0 giant club! You block pigah's ghost's attack.
You scratch pigah's ghost.
Pigah's ghost is severely damaged.
You scratch pigah's ghost.
Pigah's ghost is almost destroyed.
Pigah's ghost hits you but does no damage.
The ogre closely misses you.
You mangle pigah's ghost!!
You destroy pigah's ghost!
Okawaru is honoured by your kill.
You can now speed up your combat.
Okawaru grants you throwing weapons! Something appears at your feet!
Your base Throwing skill increases to level 6!
You claw the ogre!
The ogre is heavily wounded.
The ogre hits you with a +0 giant club!!
You die...

.##.............................#
.##..........########....#......#
.##..........#......#....#......#
.##..........#.#..#.#....#......#
..####..#....#..##..#....#......#
..####.......#..##..#....#.......
.......#...#.#.#..#)#©...########
.####........#©..O.[#...##
..†>.........#.#@[#.#©.##
)####.....#..#..##..#..#
.[.......##.##..##..#..#### #
[)#....#.#..##.#..#.#.....#######
[.....##.#.###©?....#............
......##.....########..#.........
.<.....#......#.#########........
#..#..........#.#....[)>.........
##.#..#................).........


You could see an ogre.

Vanquished Creatures
  The ghost of pigah the Zephyrmancer, a novice OpAE of Gozag (D:6)
  Grinder (D:3)
  Sigmund (D:4)
  A steam dragon (D:5)
  Edmund (D:4)
  A black bear (D:5)
  2 ogres
  3 phantoms
  4 bullfrogs
  4 scorpions
  A wight (D:7)
  A crimson imp (D:6)
  An orc priest (D:4)
  5 hounds
  2 jellies (D:5)
  5 iguanas
  Ijyb (D:3)
  Natasha (thrice) (D:2)
  5 orc wizards
  6 adders
  7 gnolls
  A shadow imp (D:7)
  An ufetubus (D:4)
  A dart slug (D:4)
  2 worms
  19 orcs
  10 bats
  4 endoplasms
  4 giant cockroaches
  9 goblins
  5 hobgoblins
  3 jackals (D:4)
  4 quokkas
  7 ball pythons
  A frilled lizard (D:2)
  9 kobolds
  9 rats
145 creatures vanquished.

Notes
Turn   | Place    | Note
-------+----------+-------------------------------------------
     0 | D:1      | dolemite99 the Troll Monk began the quest for the Orb.
     0 | D:1      | Reached XP level 1. HP: 22/22 MP: 0/0
   193 | D:1      | Reached XP level 2. HP: 29/29 MP: 1/1
   473 | D:1      | Found a faded altar of an unknown god.
   499 | D:1      | Prayed at the altar of an unknown god.
   499 | D:1      | Became a worshipper of Warmaster Okawaru
   499 | D:1      | Reached * piety under Okawaru
   499 | D:1      | Reached ** piety under Okawaru
   778 | D:2      | Reached skill level 4 in Unarmed Combat
   805 | D:2      | Reached XP level 3. HP: 32/36 MP: 2/2
   835 | D:2      | Reached *** piety under Okawaru
   884 | D:2      | Reached XP level 4. HP: 43/44 MP: 3/3
  1069 | D:2      | Reached skill level 5 in Unarmed Combat
  1101 | D:2      | Noticed Natasha
  1111 | D:2      | Killed Natasha
  1265 | D:2      | Found a shimmering blue altar of Sif Muna.
  1391 | D:2      | Noticed Natasha
  1397 | D:2      | Killed Natasha
  1431 | D:2      | Noticed Natasha
  1439 | D:2      | Killed Natasha
  1440 | D:2      | Reached XP level 5. HP: 33/50 MP: 4/4
  1487 | D:3      | Noticed Ijyb
  1489 | D:3      | Reached skill level 6 in Unarmed Combat
  1495 | D:3      | Killed Ijyb
  1502 | D:3      | Noticed Grinder
  1550 | D:3      | Killed Grinder
  1550 | D:3      | Reached **** piety under Okawaru
  1551 | D:3      | Reached skill level 7 in Unarmed Combat
  1551 | D:3      | Reached XP level 6. HP: 38/59 MP: 5/5
  2281 | D:4      | Noticed Sigmund
  2296 | D:4      | Killed Sigmund
  2296 | D:4      | Reached ***** piety under Okawaru
  2297 | D:4      | Reached skill level 8 in Unarmed Combat
  2297 | D:4      | Reached XP level 7. HP: 32/66 MP: 6/6
  2453 | D:4      | Noticed Robin
  2454 | D:4      | Reached skill level 1 in Invocations
  2696 | D:4      | Reached XP level 8. HP: 74/74 MP: 8/10
  2843 | D:4      | Noticed Edmund
  2851 | D:4      | Killed Edmund
  3134 | D:5      | Entered Level 5 of the Dungeon
  3134 | D:5      | Found a staircase to the Ecumenical Temple.
  3139 | D:5      | Reached skill level 5 in Invocations
  3157 | D:5      | Found an ornate altar of the Wu Jian Council.
  3414 | D:5      | Received a gift from Okawaru
  3449 | D:5      | Reached skill level 1 in Throwing
  3923 | D:6      | You fall into a shaft and drop 2 floors!
  4066 | D:6      | Found a shimmering altar of Xom.
  4067 | D:6      | Found a burning altar of Makhleb.
  4073 | D:6      | Reached XP level 9. HP: 82/85 MP: 11/11
  4124 | D:6      | Found a transporter.
  4296 | D:6      | Found an iron altar of Okawaru.
  4327 | D:6      | Identified the +0 dire flail "Nitreru" {freeze, rN+ Str+4
                  | SInv}
  4327 | D:6      | Noticed pigah's ghost (novice OpAE)
  4746 | D:7      | Reached skill level 5 in Throwing
  4919 | D:6      | Found a transporter.
  4933 | D:6      | Killed pigah's ghost
  4933 | D:6      | Received a gift from Okawaru
  4934 | D:6      | Slain by an ogre

Illustrated notes

Levels and vault maps discovered:
D:1:      dpeg_arrival_ratfight, layout_loops_ring,
          shapermc_ecumenical_altar_ellora, hangedman_abyss_or_decor_stabs,
          minivault_4, grunt_decor_cap, minmay_tromino_v4_a
D:2:      layout_basic, basic_altar, uniq_natasha
D:3:      layout_loops_ring, uniq_grinder, uniq_ijyb
D:4:      layout_cave_pools, serial_rivers, chequers_serial_rivers_small_b,
          chequers_serial_rivers_small_a, chequers_serial_rivers_micro_b,
          chequers_serial_rivers_small_3, st_stairs_7, uniq_robin, uniq_sigmund,
          uniq_edmund
D:5:      layout_cave_pools, lemuel_crystal_altar, minmay_temple_entry_glass,
          kennysheep_small_square
D:6:      layout_rooms, grunt_temple_overflow_champion_of_chaos,
          okawaru_ov_weapons_minmay, gammafunk_ghost_smash,
          nicolae_concentric_dashed_squares_wild
D:7:      layout_loops_ring, serial_shops, shop
D:8:      layout_loops_corners, minivault_19, uniq_joseph, uniq_amaemon,
          uniq_psyche

Skill      XL: |  1  2  3  4  5  6  7  8  9 |
---------------+----------------------------+-----
Unarmed Combat | 4 5 7 8 |  8.5
Invocations    | 4 5 |  5.3
Fighting       | 4 |  4.4
Throwing       | 3 6 |  6.9
Dodging        | |  2.4

Action                     |  1- 3 |  4- 6 |  7- 9 || total
---------------------------+-------+-------+-------++-------
  Melee: Unarmed           |    56 |    92 |   157 ||   305
  Throw: Dart              |       |       |    18 ||    18
 Invoke: Heroism           |       |       |    14 ||    14
    Use: Scroll            |       |       |     9 ||     9
 Armour: Robe              |    14 |    30 |    50 ||    94
  Dodge: Dodged            |    23 |    50 |    91 ||   164
  Block: Orb               |       |       |    16 ||    16
         Reflection        |       |       |     1 ||     1
